Map: Écho EC

Players

Beanerboy

  • Race: Terran Terran
  • League: Grandmaster

AgCl - Winner!

  • Race: Protoss Protoss
  • League: Grandmaster

VOD

Have the link to the VOD?

Description

Time

  • Played on: July 2, 2015, 6:20 p.m.
  • Length: 8:14
Show
View Real Time Build Order
Export as new Build Order

Beanerboy Terran 

Build Orders:  

Get SALT Encoding   

  12  0:01  SCV  
  13  0:13  SCV  
  14  0:17  Supply Depot  
  14  0:25  SCV  
  15  0:38  SCV  
  15  0:40  Barracks  
  16  0:50  SCV  
  16  0:55  Refinery  
  17  1:05  SCV  
  17  1:10  Supply Depot  
  18  1:17  SCV  
  19  1:33  Orbital Command  
  19  1:41  Barracks Reactor  
  19  1:52  Command Center  
  19  1:59  SCV  
  20  2:11  SCV  
  21  2:17  Marine x2  
  23  2:23  SCV  
  23  2:25  Refinery  
  23  2:28  Factory  
  24  2:40  SCV, Marine x2  
  27  2:49  Supply Depot  
  27  2:51  Supply Depot  
  27  2:52  SCV  
  28  2:58  Marine x2  
  28  3:05  Orbital Command  
  30  3:10  SCV  
  30  3:12  Factory Tech Lab  
  31  3:13  Starport  
  31  3:16  Marine x2  
  33  3:26  SCV  
  34  3:30  Siege Tank  
  34  3:32  SCV  
  38  3:34  Marine x2  
  38  3:39  Orbital Command  
  40  3:51  Starport Reactor  
  40  3:53  Marine x2  
  42  4:07  Bunker  
  42  4:14  Marine x2  
  38  4:18  Siege Tank  
  38  4:21  SCV x2  
  36  4:30  Viking  
  31  4:33  SCV  
  31  4:34  SCV  
  29  4:45  SCV  
  29  4:46  SCV  
  31  4:58  SCV x2  
  33  5:05  Marine  
  33  5:06  Marine  
  35  5:09  Siege Tank  
  35  5:10  SCV x2  
  40  5:22  SCV  
  40  5:23  Marine x2  
  43  5:31  SCV  
  43  5:34  SCV  
  45  5:41  Marine x2  
  45  5:42  Siege Tank  
  50  5:48  SCV x2  
  52  5:54  Barracks  
  52  5:55  Barracks  
  52  5:56  Command Center  
  50  6:13  SCV x2  
  50  6:16  Siege Tank  
  55  6:21  Marine x2  
  57  6:27  SCV x2  
  59  6:39  SCV x2  
  61  6:46  Supply Depot x2  
  61  7:04  Marine  
  61  7:07  Supply Depot, Medivac x2, Marine x2  
  61  7:08  Supply Depot  
  68  7:09  Orbital Command  
  68  7:10  Engineering Bay  
  64  7:29  Marine x4  
  67  7:47  Marine x4  
Show
View Real Time Build Order
Export as new Build Order

AgCl Protoss - Winner!

Build Orders: Oracle Opening, Carrier Rush 

Get SALT Encoding   

  12  0:02  Probe  
  13  0:19  Probe  
  14  0:25  Pylon  
  14  0:40  Assimilator  
  14  0:43  Probe, Gateway  
  15  0:55  Probe (Chrono Boost)  
  17  1:05  Probe (Chrono Boost)  
  17  1:12  Probe  
  18  1:24  Probe  
  18  1:27  Pylon  
  18  1:30  Zealot (Chrono Boost)  
  20  1:36  Probe (Chrono Boost)  
  21  1:42  Cybernetics Core  
  21  1:48  Probe (Chrono Boost), Assimilator  
  22  1:57  Probe (Chrono Boost)  
  23  2:05  Probe (Chrono Boost)  
  24  2:17  Nexus  
  24  2:18  Probe (Chrono Boost)  
  25  2:24  Probe (Chrono Boost)  
  26  2:30  Stargate  
  26  2:35  Probe (Chrono Boost)  
  27  2:47  Mothership Core (Chrono Boost)  
  29  2:55  Pylon  
  29  3:01  Probe  
  30  3:13  Probe, Oracle (Chrono Boost)  
  34  3:25  Probe  
  35  3:28  Probe  
  35  3:30  Assimilator  
  36  3:37  Probe (Chrono Boost)  
  38  3:43  Fleet Beacon  
  38  3:45  Probe (Chrono Boost)  
  39  3:49  Probe (Chrono Boost), Assimilator  
  39  3:55  Forge  
  40  3:56  Probe (Chrono Boost)  
  40  3:57  Probe (Chrono Boost)  
  41  4:05  Probe  
  41  4:07  Probe  
  41  4:09  Carrier (Chrono Boost)  
  43  4:17  Probe  
  43  4:19  Probe  
  45  4:29  Probe  
  52  4:40  Graviton Catapult (Chrono Boost)  
  52  4:48  Pylon  
  52  4:53  Protoss Air Weapons Level 1 (Chrono Boost)  
  52  5:02  Carrier (Chrono Boost)  
  52  5:06  Probe x2  
  54  5:12  Photon Cannon  
  54  5:17  Nexus  
  54  5:18  Pylon  
  60  5:33  Stargate  
  60  5:36  Probe  
  60  5:38  Probe  
  63  5:51  Cybernetics Core, Probe (Chrono Boost), Pylon  
  63  5:55  Probe (Chrono Boost)  
  63  5:57  Twilight Council  
  66  6:04  Probe x2 (Chrono Boost)  
  66  6:06  Carrier (Chrono Boost)  
  66  6:12  Probe  
  66  6:13  Probe  
  68  6:20  Photon Cannon  
  68  6:25  Probe (Chrono Boost)  
  76  6:26  Assimilator  
  76  6:27  Probe (Chrono Boost)  
  77  6:35  Probe (Chrono Boost)  
  77  6:36  Probe (Chrono Boost)  
  79  6:40  Probe (Chrono Boost)  
  79  6:42  Templar Archives, Probe (Chrono Boost)  
  79  6:46  Probe (Chrono Boost)  
  81  6:47  Photon Cannon  
  81  6:53  Probe (Chrono Boost)  
  83  6:54  Probe (Chrono Boost)  
  83  6:57  Probe (Chrono Boost)  
  86  7:02  Assimilator  
  86  7:05  Probe x2 (Chrono Boost)  
  86  7:06  Probe (Chrono Boost)  
  87  7:11  Probe x2 (Chrono Boost)  
  87  7:12  Probe  
  90  7:37  Gateway, Pylon  
  90  7:42  Pylon  
  90  7:47  Pylon  
  90  7:53  Photon Cannon  
  90  7:54  Pylon  
  90  7:55  Probe x2, Photon Cannon  
Tags
 
Add a new tag
Caveats
  • Supply blocks, unpowered buildings, or Contaminate may cause inaccurate times.
  • Supply counts are checked every 10 seconds.